AoeStats
← ikaradayi976

Arena

510156267Analyzed
4v4 RM · 4d ago on Sep 29, 2026· 47m 26s· 8 players
Game mode
Random Map
Map size
Large (8 player)
Population
200
Speed
Normal
Resources
Standard
Victory
Conquest
Starting age
Dark Age
Ending age
Imperial Age
RankedLock teamsTeams togetherTeam positionsShared explorationLock speedFull tech treeHidden civsTurbo modeCheats
Victory
Defeat
🇩🇪 Celts · Germany
1279
+11
🇩🇪 Romans · Germany
1176
+15
🇹🇷 Khmer · Türkiye
1142
+17
🇩🇪 Hindustanis · Germany
1065
+20
🇹🇷 Goths · Türkiye
1187
-17
🇹🇷 Khmer · Türkiye
1173
-16
🇹🇷 Saxons · Türkiye
1151
-15
🇹🇷 Berbers · Türkiye
1145
-15
DER Grieche
10:47 Feudal Age
11:45 Double-Bit Axe
12:19 Double-Bit Axe
14:39 Castle Age
12:37 Horse Collar
15:44 Heavy Plow
20:43 Loom
21:34 Wheelbarrow
21:44 Gold Mining
24:12 Hand Cart
24:37 Gold Shaft Mining
25:54 Town Watch
28:46 Imperial Age
27:44 Scale Mail Armor
27:35 Fletching
27:51 Padded Archer Armor
28:06 Grand Trunk Road
29:41 Shatagni
30:02 Conscription
30:52 Chemistry
30:12 Ballistics
29:54 Bodkin Arrow
30:15 Leather Archer Armor
30:54 Bracer
31:14 Husbandry
31:25 Bloodlines
30:36 Heavy Camel Rider
33:42 Ring Archer Armor
33:24 Forging
36:55 Iron Casting
36:27 Scale Barding Armor
37:53 Imperial Camel Rider
42:44 Chain Barding Armor
KIV.Theo
9:56 Feudal Age
13:37 Castle Age
11:53 Horse Collar
12:18 Double-Bit Axe
15:25 Bow Saw
15:22 Loom
18:18 Gold Mining
21:11 Town Watch
22:01 Wheelbarrow
22:37 Heavy Plow
23:09 Ballistics
29:54 Hand Cart
32:13 Imperial Age
31:17 Gold Shaft Mining
34:07 Chemistry
34:20 Chemistry
36:50 Hand Cart
38:27 Siege Engineers
39:26 Heavy Scorpion
40:29 Conscription
41:41 Caravan
42:26 Furor Celtica
42:04 Gambesons
43:38 Fervor
43:04 Onager
44:17 Man-at-Arms
44:43 Arson
44:59 Scale Mail Armor
45:09 Forging
44:38 Siege Onager
46:37 Chemistry
46:29 Long Swordsman
47:25 Chain Mail Armor
47:45 Iron Casting
unzelfunzel
9:59 Feudal Age
13:36 Castle Age
11:45 Double-Bit Axe
11:47 Horse Collar
13:20 Wheelbarrow
19:46 Heavy Plow
21:23 Loom
21:27 Town Watch
23:21 Hand Cart
23:26 Bow Saw
25:44 Gold Mining
26:03 Scale Mail Armor
26:14 Forging
29:26 Imperial Age
27:55 Chain Mail Armor
28:21 Iron Casting
27:49 Squires
27:11 Man-at-Arms
29:40 Ballistics
28:50 Long Swordsman
31:19 Conscription
31:05 Ballistas
30:24 Legionary
30:57 Heavy Scorpion
32:47 Chemistry
31:30 Pikeman
33:10 Siege Engineers
34:21 Blast Furnace
33:16 Capped Ram
33:58 Siege Ram
34:10 Halberdier
47:54 Gold Shaft Mining
ikaradayi976
11:43 Feudal Age
14:35 Castle Age
12:22 Double-Bit Axe
12:19 Horse Collar
21:59 Husbandry
23:11 Bloodlines
23:12 Scale Barding Armor
24:08 Gold Mining
25:51 Bow Saw
25:42 Heavy Plow
26:40 Wheelbarrow
25:51 Loom
25:54 Town Watch
29:31 Gold Shaft Mining
32:57 Imperial Age
33:24 Imperial Age
32:14 Chain Barding Armor
34:08 Hand Cart
34:33 Double Crossbow
35:40 Crop Rotation
35:40 Heavy Scorpion
36:54 Ballistics
38:32 Chemistry
39:42 Siege Engineers
41:00 Capped Ram
42:30 Siege Ram
Seb
11:40 Feudal Age
15:29 Castle Age
13:28 Double-Bit Axe
13:25 Horse Collar
19:01 Loom
23:51 Gold Mining
24:30 Scale Barding Armor
27:03 Wheelbarrow
26:18 Town Watch
27:08 Bow Saw
27:15 Stone Mining
27:37 Town Patrol
28:56 Chain Barding Armor
28:51 Forging
30:02 Heavy Plow
31:17 Hand Cart
34:41 Imperial Age
33:19 Stone Shaft Mining
33:25 Bloodlines
33:16 Husbandry
33:09 Fletching
34:19 Iron Casting
34:08 Ballistics
33:44 Murder Holes
34:35 Kasbah
34:51 Bodkin Arrow
34:58 Padded Archer Armor
34:34 Light Cavalry
36:01 Plate Barding Armor
35:14 Pikeman
35:22 Hussar
37:05 Conscription
36:38 Heavy Camel Rider
37:31 Squires
37:02 Onager
39:10 Gold Shaft Mining
40:04 Chemistry
40:31 Elite Camel Archer
42:05 Siege Engineers
42:01 Bracer
43:02 Blast Furnace
Chan Joe-kun
10:49 Feudal Age
14:23 Castle Age
13:23 Double-Bit Axe
13:20 Horse Collar
16:13 Bow Saw
16:06 Heavy Plow
16:33 Loom
22:03 Town Watch
24:51 Pikeman
28:14 Wheelbarrow
27:43 Town Patrol
27:55 Squires
27:41 Gambesons
28:41 Gold Mining
29:22 Man-at-Arms
33:37 Imperial Age
31:24 Hand Cart
31:03 Long Swordsman
32:23 Scale Mail Armor
32:33 Forging
33:43 Halberdier
33:43 Two-Handed Swordsman
36:03 Two-Man Saw
35:35 Chain Mail Armor
35:55 Iron Casting
35:11 Fletching
34:46 Shield Wall
35:48 Conscription
36:01 Champion
38:28 Onager
Han
0:27 Loom
10:49 Feudal Age
15:05 Castle Age
13:03 Double-Bit Axe
15:37 Man-at-Arms
16:14 Long Swordsman
17:33 Scale Mail Armor
21:57 Bow Saw
22:14 Squires
28:08 Pikeman
30:11 Wheelbarrow
29:25 Town Watch
32:21 Forging
32:05 Gold Mining
32:06 Stone Mining
38:59 Imperial Age
38:41 Iron Casting
38:21 Chain Mail Armor
40:05 Caravan
41:07 Blast Furnace
40:01 Two-Handed Swordsman
41:40 Conscription
41:56 Anarchy
43:27 Sappers
44:04 Horse Collar
Liángcǎo zhēngshōu Khun
11:09 Feudal Age
15:09 Castle Age
12:59 Double-Bit Axe
13:28 Horse Collar
17:13 Bow Saw
19:38 Crossbowman
21:57 Loom
22:48 Wheelbarrow
22:24 Gold Mining
22:42 Padded Archer Armor
22:42 Fletching
22:45 Light Cavalry
25:02 Scale Barding Armor
28:39 Chain Barding Armor
28:53 Heavy Plow
33:05 Imperial Age
31:36 Bloodlines
31:27 Husbandry
31:39 Forging
32:04 Bodkin Arrow
32:11 Scale Mail Armor
32:27 Leather Archer Armor
33:15 Gold Shaft Mining
32:31 Stone Mining
33:45 Ballistics
35:27 Chemistry
36:20 Hand Cart
39:19 Siege Engineers
39:16 Heavy Scorpion
39:21 Hussar
45:57 Crop Rotation
Connection lost

Rejoining the realm…

Still unreachable

The connection could not be restored.

Session expired

The server has moved on; the page needs a fresh start.